3366 views
Uploaded 2020-03-16 20:53:43
Game version 1.32.2
47:58 long 4on4 ladder game on (8)TwilightRuins_LV
Saved by ChuckleMan
3366 views
Uploaded 2020-03-16 20:53:43
Game version 1.32.2
47:58 long 4on4 ladder game on (8)TwilightRuins_LV


259 units @ 33.5k
/ 6.6k
158 buildings @ 23.6k
/ 10.8k



| Orb of Corruption | 2 | 750 |
| Scroll of Town Portal | 7 | 2450 |
| Boots of Speed | 3 | 750 |
| Periapt of Vitality | 3 | 975 |
| Orb of Venom | 1 | 325 |
| Khadgar's Pipe of Insight | 1 | 500 |
| total: | 17 | 5750g |
| Acolyte | 11 | 825 | / | 0 |
| Ghoul | 7 | 840 | / | 0 |
| Gargoyle | 5 | 875 | / | 150 |
| Crypt Fiend | 1 | 215 | / | 40 |
| Frost Wyrm | 3 | 1155 | / | 360 |
| Goblin Shredder | 1 | 375 | / | 100 |
| Goblin Zeppelin | 1 | 240 | / | 60 |
| total: | 29 | 4525g | / | 710w |
| Nerubian Tower | 2 | 200 | / | 40 |
| Spirit Tower | 9 | 1305 | / | 360 |
| Crypt | 4 | 800 | / | 200 |
| Necropolis | 2 | 450 | / | 0 |
| Ziggurat | 26 | 3900 | / | 1300 |
| Altar of Darkness | 1 | 180 | / | 50 |
| Graveyard | 1 | 215 | / | 0 |
| Tomb of Relics | 1 | 130 | / | 30 |
| Sacrificial Pit | 1 | 75 | / | 150 |
| Boneyard | 4 | 700 | / | 800 |
| Halls of the Dead | 1 | 320 | / | 210 |
| Black Citadel | 1 | 325 | / | 230 |
| total: | 40 | 6450g | / | 2530w |
| 0:04 | Acolyte |
| 0:08 | Crypt |
| 0:17 | Acolyte |
| 0:28 | Necropolis |
| 0:45 | Ziggurat |
| 1:03 | Altar of Darkness |
| 1:14 | Ghoul |
| 1:30 | Ghoul |
| 1:50 | Ghoul |
| 2:12 | Halls of the Dead |
| 2:23 | Ghoul |
| 2:38 | Ghoul |
| 2:55 | Ghoul |
| 3:05 | Acolyte |
| 3:14 | Death Coil |
| 3:56 | Ghoul |
| 4:01 | Graveyard |
| 4:11 | Unholy Aura |
| 4:22 | Acolyte |
| 4:23 | Acolyte |
| 4:28 | Crypt |
| 4:36 | Ziggurat |
| 4:45 | Tomb of Relics |
| 4:53 | Acolyte |
| 5:25 | Boots of Speed |
| 5:27 | Black Citadel |
| 6:08 | Goblin Shredder |
| 6:15 | Death Coil |
| 6:30 | Ziggurat |
| 6:32 | Acolyte |
| 6:46 | Frost Nova |
| 6:53 | Nerubian Tower |
| 6:55 | Ziggurat |
| 6:56 | Ziggurat |
| 6:59 | Necropolis |
| 7:05 | Boots of Speed |
| 7:18 | Spirit Tower |
| 7:19 | Ziggurat |
| 7:21 | Ziggurat |
| 7:50 | Orb of Corruption |
| 7:57 | Gargoyle |
| 8:12 | Gargoyle |
| 8:15 | Sacrificial Pit |
| 8:18 | Nerubian Tower |
| 8:43 | Gargoyle |
| 8:52 | Dark Ritual |
| 9:32 | Gargoyle |
| 9:56 | Gargoyle |
| 10:12 | Creature Attack |
| 10:12 | Creature Carapace |
| 10:14 | Spirit Tower |
| 10:17 | Acolyte |
| 10:26 | Carrion Swarm |
| 10:51 | Ziggurat |
| 10:56 | Unholy Aura |
| 11:05 | Ziggurat |
| 11:06 | Ziggurat |
| 11:07 | Ziggurat |
| 11:13 | Dark Ritual |
| 11:18 | Stone Form |
| 11:53 | Boots of Speed |
| 11:54 | Periapt of Vitality |
| 11:58 | Improved Creature Attack |
| 12:03 | Crypt |
| 12:04 | Crypt |
| 12:05 | Ziggurat |
| 12:05 | Ziggurat |
| 12:05 | Ziggurat |
| 12:06 | Ziggurat |
| 12:36 | Spirit Tower |
| 13:09 | Spirit Tower |
| 13:11 | Spirit Tower |
| 13:12 | Spirit Tower |
| 13:22 | Vampiric Aura |
| 13:27 | Khadgar's Pipe of Insight |
| 13:56 | Ziggurat |
| 13:57 | Ziggurat |
| 13:57 | Ziggurat |
| 13:58 | Ziggurat |
| 14:03 | Ziggurat |
| 14:41 | Acolyte |
| 15:18 | Frost Nova |
| 15:22 | Spirit Tower |
| 15:25 | Spirit Tower |
| 15:44 | Scroll of Town Portal |
| 15:46 | Scroll of Town Portal |
| 15:46 | Orb of Corruption |
| 15:57 | Advanced Creature Attack |
| 15:57 | Improved Creature Carapace |
| 16:26 | Periapt of Vitality |
| 17:17 | Death Coil |
| 17:39 | Orb of Venom |
| 17:41 | Scroll of Town Portal |
| 17:48 | Carrion Swarm |
| 19:19 | Scroll of Town Portal |
| 19:37 | Ziggurat |
| 19:38 | Ziggurat |
| 19:38 | Ziggurat |
| 19:39 | Ziggurat |
| 19:39 | Ziggurat |
| 19:40 | Ziggurat |
| 19:51 | Acolyte |
| 21:06 | Spirit Tower |
| 21:51 | Scroll of Town Portal |
| 22:42 | Frost Nova |
| 23:06 | Web |
| 23:11 | Crypt Fiend |
| 23:29 | Vampiric Aura |
| 25:10 | Unholy Aura |
| 26:10 | Scroll of Town Portal |
| 28:05 | Carrion Swarm |
| 30:19 | Death and Decay |
| 30:42 | Acolyte |
| 30:49 | Advanced Creature Carapace |
| 32:49 | Periapt of Vitality |
| 34:29 | Goblin Zeppelin |
| 35:43 | Inferno |
| 37:06 | Boneyard |
| 37:07 | Boneyard |
| 37:08 | Boneyard |
| 37:11 | Boneyard |
| 40:36 | Freezing Breath |
| 40:39 | Frost Wyrm |
| 40:39 | Frost Wyrm |
| 41:21 | Animate Dead |
| 41:47 | Scroll of Town Portal |
| 41:53 | Frost Wyrm |
| 44:34 | Dark Ritual |
| 47:06 | Vampiric Aura |
| Right click | 2204 |
| Chat | 1633 |
| Select group | 631 |
| Select | 404 |
| Use ability | 141 |
| Build/train/purchase | 112 |
| Misc. action | 92 |
| Assign group | 63 |
| Resource trade | 23 |
| Item give/drop | 16 |
| Minimap ping | 11 |
| Esc | 1 |



| Orb of Venom | 1 | 325 |
| Scroll of Town Portal | 3 | 1050 |
| Helm of Valor | 1 | 500 |
| total: | 5 | 1875g |
| Wisp | 27 | 1620 | / | 0 |
| Archer | 14 | 1820 | / | 140 |
| Hippogryph | 6 | 960 | / | 120 |
| Druid of the Claw | 3 | 765 | / | 240 |
| Glaive Thrower | 5 | 1050 | / | 325 |
| Dryad | 6 | 870 | / | 360 |
| Goblin Shredder | 1 | 375 | / | 100 |
| Goblin Sapper | 1 | 215 | / | 100 |
| total: | 63 | 7675g | / | 1385w |
| Ancient Protector | 8 | 1080 | / | 640 |
| Altar of Elders | 1 | 180 | / | 50 |
| Moon Well | 8 | 1440 | / | 320 |
| Ancient of War | 4 | 600 | / | 240 |
| Ancient of Wonders | 1 | 90 | / | 30 |
| Hunter's Hall | 1 | 210 | / | 100 |
| Tree of Life | 4 | 1360 | / | 740 |
| Ancient of Lore | 1 | 155 | / | 145 |
| Ancient of Wind | 2 | 300 | / | 280 |
| Tree of Ages | 2 | 640 | / | 360 |
| Tree of Eternity | 1 | 330 | / | 200 |
| total: | 30 | 5415g | / | 2545w |
| 0:02 | Wisp |
| 0:02 | Wisp |
| 0:02 | Wisp |
| 0:07 | Wisp |
| 0:14 | Altar of Elders |
| 0:22 | Moon Well |
| 0:31 | Wisp |
| 0:51 | Wisp |
| 0:58 | Ancient of War |
| 1:00 | Wisp |
| 1:23 | Wisp |
| 1:32 | Moon Well |
| 1:40 | Wisp |
| 1:58 | Archer |
| 2:16 | Immolation |
| 2:24 | Archer |
| 2:24 | Archer |
| 2:24 | Archer |
| 2:39 | Wisp |
| 2:46 | Moon Well |
| 3:15 | Ancient of Wonders |
| 3:31 | Archer |
| 3:34 | Hunter's Hall |
| 3:36 | Wisp |
| 3:41 | Moon Well |
| 3:56 | Evasion |
| 4:15 | Wisp |
| 4:18 | Wisp |
| 4:41 | Archer |
| 4:41 | Archer |
| 4:43 | Strength of the Moon |
| 5:09 | Archer |
| 5:10 | Tree of Ages |
| 5:16 | Wisp |
| 5:16 | Wisp |
| 5:16 | Wisp |
| 5:16 | Wisp |
| 5:17 | Wisp |
| 5:24 | Mana Burn |
| 5:39 | Tree of Life |
| 5:53 | Archer |
| 7:04 | Tree of Ages |
| 7:06 | Moon Armor |
| 7:08 | Archer |
| 7:09 | Archer |
| 7:55 | Wisp |
| 8:12 | Goblin Shredder |
| 8:34 | Evasion |
| 9:17 | Archer |
| 9:17 | Archer |
| 9:17 | Archer |
| 9:29 | Improved Strength of the Moon |
| 9:38 | Ancient of Lore |
| 9:41 | Ancient of Wind |
| 9:55 | Improved Bows |
| 9:57 | Wisp |
| 10:07 | Ancient of Wind |
| 10:11 | Improved Moon Armor |
| 10:18 | Tree of Eternity |
| 10:31 | Moon Well |
| 10:32 | Moon Well |
| 10:33 | Moon Well |
| 10:46 | Hippogryph |
| 10:46 | Hippogryph |
| 10:50 | Trueshot Aura |
| 11:50 | Helm of Valor |
| 12:00 | Moon Well |
| 12:16 | Druid of the Claw |
| 12:44 | Advanced Strength of the Moon |
| 13:19 | Searing Arrows |
| 13:55 | Hippogryph |
| 13:56 | Hippogryph |
| 14:00 | Thorns Aura |
| 14:17 | Advanced Moon Armor |
| 14:19 | Marksmanship |
| 14:23 | Hippogryph |
| 14:25 | Druid of the Claw Adept Training |
| 15:28 | Druid of the Claw |
| 15:35 | Strength of the Wild |
| 16:01 | Vorpal Blades |
| 16:06 | Ancient of War |
| 16:24 | Hippogryph |
| 16:35 | Well Spring |
| 17:27 | Evasion |
| 17:28 | Trueshot Aura |
| 17:40 | Glaive Thrower |
| 17:42 | Glaive Thrower |
| 17:42 | Glaive Thrower |
| 17:57 | Druid of the Claw Master Training |
| 18:24 | Tree of Life |
| 18:34 | Ancient Protector |
| 18:38 | Ancient Protector |
| 18:39 | Ancient Protector |
| 18:41 | Ancient Protector |
| 18:47 | Dryad |
| 18:47 | Dryad |
| 19:31 | Glaive Thrower |
| 20:34 | Wisp |
| 20:35 | Wisp |
| 20:35 | Wisp |
| 20:35 | Wisp |
| 20:43 | Ancient Protector |
| 20:46 | Wisp |
| 21:11 | Glaive Thrower |
| 22:00 | Dryad |
| 22:01 | Dryad |
| 22:01 | Dryad |
| 22:50 | Dryad |
| 25:05 | Reinforced Hides |
| 25:47 | Tree of Life |
| 26:17 | Scroll of Town Portal |
| 28:30 | Wisp |
| 30:21 | Tree of Life |
| 31:07 | Orb of Venom |
| 32:23 | Wisp |
| 33:30 | Scroll of Town Portal |
| 34:14 | Ancient Protector |
| 34:15 | Ancient Protector |
| 34:20 | Ancient Protector |
| 34:26 | Ancient of War |
| 34:27 | Ancient of War |
| 34:53 | Searing Arrows |
| 35:08 | Goblin Sapper |
| 37:58 | Scroll of Town Portal |
| 44:41 | Druid of the Claw |
| 45:30 | Mark of the Claw |
| 47:06 | Metamorphosis |
| Right click | 1314 |
| Chat | 536 |
| Select group | 504 |
| Select | 413 |
| Build/train/purchase | 156 |
| Use ability | 74 |
| Misc. action | 52 |
| Assign group | 33 |
| Minimap ping | 18 |
| Resource trade | 17 |
| Item give/drop | 3 |
| Remove unit | 2 |

| Wisp | 42 | 2520 | / | 0 |
| Archer | 12 | 1560 | / | 120 |
| Huntress | 4 | 780 | / | 80 |
| Hippogryph | 13 | 2080 | / | 260 |
| Glaive Thrower | 10 | 2100 | / | 650 |
| Dryad | 25 | 3625 | / | 1500 |
| total: | 106 | 12665g | / | 2610w |
| Ancient Protector | 7 | 945 | / | 560 |
| Altar of Elders | 2 | 360 | / | 100 |
| Ancient of War | 2 | 300 | / | 120 |
| Moon Well | 13 | 2340 | / | 520 |
| Hunter's Hall | 2 | 420 | / | 200 |
| Tree of Life | 6 | 2040 | / | 1110 |
| Ancient of Wind | 2 | 300 | / | 280 |
| Ancient of Lore | 4 | 620 | / | 580 |
| Tree of Ages | 2 | 640 | / | 360 |
| Tree of Eternity | 1 | 330 | / | 200 |
| total: | 38 | 7325g | / | 3470w |
| 0:07 | Altar of Elders |
| 0:08 | Wisp |
| 0:08 | Wisp |
| 0:10 | Wisp |
| 0:22 | Wisp |
| 0:36 | Ancient of War |
| 0:39 | Wisp |
| 0:43 | Moon Well |
| 0:50 | Wisp |
| 1:23 | Wisp |
| 1:25 | Wisp |
| 1:37 | Archer |
| 1:44 | Moon Well |
| 1:49 | Wisp |
| 2:01 | Wisp |
| 2:27 | Hunter's Hall |
| 2:35 | Archer |
| 2:43 | Wisp |
| 2:43 | Wisp |
| 2:47 | Archer |
| 3:07 | Trueshot Aura |
| 3:41 | Moon Well |
| 3:43 | Tree of Ages |
| 4:04 | Ancient Protector |
| 4:19 | Huntress |
| 4:20 | Huntress |
| 4:45 | Strength of the Moon |
| 4:46 | Moon Armor |
| 5:00 | Moon Well |
| 5:05 | Searing Arrows |
| 5:24 | Huntress |
| 6:04 | Ancient of Wind |
| 6:29 | Tree of Life |
| 6:32 | Improved Bows |
| 6:34 | Improved Strength of the Moon |
| 6:55 | Archer |
| 6:56 | Huntress |
| 7:10 | Hippogryph |
| 7:55 | Vorpal Blades |
| 8:06 | Trueshot Aura |
| 8:08 | Hippogryph |
| 8:10 | Glaive Thrower |
| 8:21 | Glaive Thrower |
| 8:44 | Moon Well |
| 8:59 | Hippogryph |
| 9:04 | Wisp |
| 9:07 | Wisp |
| 9:57 | Tree of Eternity |
| 10:03 | Glaive Thrower |
| 10:16 | Glaive Thrower |
| 10:59 | Glaive Thrower |
| 11:03 | Moon Well |
| 11:09 | Moon Well |
| 11:25 | Wisp |
| 11:26 | Wisp |
| 11:26 | Wisp |
| 12:20 | Advanced Strength of the Moon |
| 14:00 | Glaive Thrower |
| 14:00 | Glaive Thrower |
| 14:00 | Glaive Thrower |
| 14:06 | Ancient of War |
| 15:19 | Marksmanship |
| 15:22 | Hippogryph |
| 15:22 | Hippogryph |
| 15:22 | Hippogryph |
| 15:23 | Hippogryph |
| 15:23 | Hippogryph |
| 15:33 | Improved Moon Armor |
| 15:34 | Well Spring |
| 15:39 | Archer |
| 15:40 | Archer |
| 15:42 | Archer |
| 15:56 | Hippogryph |
| 15:59 | Archer |
| 16:32 | Wisp |
| 16:34 | Wisp |
| 16:38 | Ancient of Wind |
| 16:50 | Hippogryph |
| 16:59 | Moon Well |
| 17:01 | Moon Well |
| 17:41 | Glaive Thrower |
| 17:44 | Glaive Thrower |
| 17:46 | Hippogryph |
| 17:46 | Hippogryph |
| 18:09 | Wisp |
| 18:09 | Wisp |
| 18:09 | Wisp |
| 18:09 | Wisp |
| 18:09 | Wisp |
| 18:10 | Wisp |
| 18:18 | Ancient Protector |
| 18:26 | Ancient Protector |
| 18:33 | Ancient Protector |
| 18:37 | Ancient Protector |
| 18:42 | Ancient Protector |
| 18:44 | Ancient Protector |
| 19:24 | Wisp |
| 20:04 | Moon Well |
| 20:06 | Moon Well |
| 20:08 | Moon Well |
| 20:14 | Wisp |
| 20:14 | Wisp |
| 20:14 | Wisp |
| 20:15 | Wisp |
| 20:22 | Moon Well |
| 20:36 | Hippogryph |
| 20:59 | Tree of Life |
| 22:50 | Ancient of Lore |
| 22:52 | Ancient of Lore |
| 22:59 | Strength of the Wild |
| 23:00 | Reinforced Hides |
| 24:13 | Abolish Magic |
| 24:15 | Dryad |
| 24:15 | Dryad |
| 24:16 | Dryad |
| 24:43 | Improved Strength of the Wild |
| 24:48 | Hunter's Hall |
| 25:09 | Archer |
| 25:11 | Archer |
| 25:32 | Tree of Life |
| 25:45 | Dryad |
| 25:48 | Archer |
| 26:13 | Dryad |
| 26:36 | Advanced Strength of the Wild |
| 26:39 | Improved Reinforced Hides |
| 27:16 | Dryad |
| 27:40 | Archer |
| 27:51 | Dryad |
| 28:27 | Dryad |
| 28:51 | Dryad |
| 29:11 | Wisp |
| 29:47 | Dryad |
| 30:38 | Advanced Reinforced Hides |
| 30:38 | Advanced Moon Armor |
| 31:05 | Dryad |
| 33:04 | Dryad |
| 33:05 | Dryad |
| 35:57 | Tree of Life |
| 37:30 | Tree of Life |
| 38:43 | Altar of Elders |
| 39:39 | Tree of Ages |
| 42:07 | Ancient of Lore |
| 42:10 | Wisp |
| 42:10 | Wisp |
| 42:11 | Wisp |
| 42:11 | Wisp |
| 42:12 | Wisp |
| 42:56 | Wisp |
| 43:04 | Ancient of Lore |
| 43:20 | Tree of Life |
| 43:26 | Dryad |
| 43:27 | Dryad |
| 43:27 | Dryad |
| 43:27 | Dryad |
| 44:27 | Dryad |
| 44:49 | Dryad |
| 44:50 | Dryad |
| 44:53 | Dryad |
| 45:39 | Searing Arrows |
| 45:52 | Dryad |
| 47:07 | Dryad |
| 47:07 | Dryad |
| 47:07 | Dryad |
| 47:45 | Wisp |
| 47:45 | Wisp |
| 47:45 | Wisp |
| 47:45 | Wisp |
| 47:46 | Wisp |
| Right click | 1354 |
| Select group | 992 |
| Select | 648 |
| Build/train/purchase | 152 |
| Assign group | 85 |
| Use ability | 32 |
| Chat | 18 |
| Misc. action | 10 |
| Remove unit | 5 |
| Minimap ping | 1 |


| Lesser Clarity Potion | 4 | 280 |
| Scroll of Regeneration | 1 | 100 |
| Orb of Fire | 2 | 650 |
| Ivory Tower | 4 | 160 |
| Scroll of Town Portal | 1 | 350 |
| Claws of Attack +6 | 1 | 125 |
| Scroll of the Beast | 1 | 400 |
| total: | 14 | 2065g |
| Peasant | 28 | 2100 | / | 0 |
| Footman | 4 | 540 | / | 0 |
| Mortar Team | 14 | 2520 | / | 980 |
| Dragonhawk Rider | 3 | 600 | / | 90 |
| Siege Engine | 9 | 1755 | / | 540 |
| Goblin Shredder | 3 | 1125 | / | 300 |
| total: | 61 | 8640g | / | 1910w |
| Scout Tower | 22 | 660 | / | 440 |
| Arcane Tower | 1 | 70 | / | 50 |
| Guard Tower | 7 | 490 | / | 350 |
| Barracks | 1 | 160 | / | 60 |
| Altar of Kings | 1 | 180 | / | 50 |
| Farm | 15 | 1200 | / | 300 |
| Blacksmith | 1 | 140 | / | 60 |
| Arcane Vault | 1 | 130 | / | 30 |
| Lumber Mill | 1 | 120 | / | 0 |
| Town Hall | 3 | 1155 | / | 615 |
| Workshop | 4 | 560 | / | 560 |
| Gryphon Aviary | 1 | 140 | / | 150 |
| Keep | 1 | 320 | / | 210 |
| Castle | 1 | 360 | / | 210 |
| total: | 50 | 4445g | / | 2265w |
| 0:11 | Barracks |
| 0:16 | Altar of Kings |
| 0:18 | Peasant |
| 0:18 | Peasant |
| 0:32 | Farm |
| 0:43 | Peasant |
| 0:58 | Farm |
| 1:16 | Peasant |
| 1:25 | Peasant |
| 1:34 | Peasant |
| 1:52 | Peasant |
| 2:01 | Peasant |
| 2:15 | Peasant |
| 2:20 | Farm |
| 2:24 | Blacksmith |
| 2:27 | Arcane Vault |
| 2:28 | Summon Water Elemental |
| 2:42 | Scout Tower |
| 3:18 | Arcane Tower |
| 3:54 | Keep |
| 3:56 | Footman |
| 4:16 | Lumber Mill |
| 4:36 | Farm |
| 4:37 | Farm |
| 4:38 | Footman |
| 4:54 | Black Gunpowder |
| 5:34 | Footman |
| 5:50 | Farm |
| 5:53 | Farm |
| 5:55 | Farm |
| 5:58 | Footman |
| 6:04 | Scout Tower |
| 6:08 | Lesser Clarity Potion |
| 6:19 | Peasant |
| 6:21 | Peasant |
| 6:21 | Peasant |
| 6:21 | Peasant |
| 6:25 | Improved Masonry |
| 6:27 | Improved Lumber Harvesting |
| 6:35 | Guard Tower |
| 7:11 | Lesser Clarity Potion |
| 7:40 | Peasant |
| 7:40 | Peasant |
| 8:27 | Castle |
| 8:29 | Refined Gunpowder |
| 9:30 | Holy Light |
| 9:53 | Brilliance Aura |
| 10:10 | Town Hall |
| 10:28 | Studded Leather Armor |
| 10:49 | Lesser Clarity Potion |
| 10:50 | Scroll of Regeneration |
| 10:54 | Peasant |
| 10:54 | Peasant |
| 10:54 | Peasant |
| 10:55 | Peasant |
| 10:55 | Peasant |
| 11:06 | Workshop |
| 11:38 | Devotion Aura |
| 11:52 | Advanced Lumber Harvesting |
| 11:57 | Goblin Shredder |
| 12:43 | Scout Tower |
| 12:45 | Scout Tower |
| 12:49 | Scout Tower |
| 12:50 | Advanced Masonry |
| 12:54 | Scout Tower |
| 12:59 | Scout Tower |
| 13:08 | Scout Tower |
| 13:10 | Scout Tower |
| 13:12 | Scout Tower |
| 13:14 | Scout Tower |
| 13:16 | Scout Tower |
| 13:27 | Guard Tower |
| 13:44 | Guard Tower |
| 13:57 | Brilliance Aura |
| 14:05 | Imbued Gunpowder |
| 14:31 | Farm |
| 14:39 | Workshop |
| 14:42 | Workshop |
| 14:44 | Imbued Masonry |
| 14:46 | Reinforced Leather Armor |
| 14:53 | Workshop |
| 15:13 | Devotion Aura |
| 15:23 | Town Hall |
| 15:29 | Goblin Shredder |
| 15:30 | Goblin Shredder |
| 15:47 | Farm |
| 15:48 | Farm |
| 15:51 | Farm |
| 15:56 | Fragmentation Shards |
| 15:58 | Farm |
| 16:07 | Farm |
| 16:24 | Barrage |
| 16:45 | Scout Tower |
| 16:47 | Scout Tower |
| 16:49 | Scout Tower |
| 16:57 | Scout Tower |
| 16:59 | Scout Tower |
| 17:04 | Flare |
| 17:06 | Mortar Team |
| 17:23 | Claws of Attack +6 |
| 17:34 | Scroll of the Beast |
| 17:47 | Farm |
| 17:51 | Dragonhide Armor |
| 17:53 | Mortar Team |
| 18:04 | Orb of Fire |
| 18:05 | Scroll of Town Portal |
| 18:08 | Lesser Clarity Potion |
| 18:30 | Guard Tower |
| 19:53 | Mortar Team |
| 20:16 | Mortar Team |
| 21:39 | Mortar Team |
| 24:15 | Siege Engine |
| 24:18 | Summon Water Elemental |
| 25:02 | Siege Engine |
| 25:05 | Iron Forged Swords |
| 26:08 | Siege Engine |
| 27:15 | Siege Engine |
| 28:46 | Mortar Team |
| 28:46 | Siege Engine |
| 29:24 | Mortar Team |
| 30:21 | Peasant |
| 30:21 | Peasant |
| 30:21 | Peasant |
| 30:21 | Peasant |
| 30:22 | Peasant |
| 31:19 | Gryphon Aviary |
| 31:23 | Mortar Team |
| 31:25 | Steel Forged Swords |
| 31:28 | Iron Plating |
| 31:33 | Town Hall |
| 31:55 | Siege Engine |
| 34:56 | Peasant |
| 34:56 | Peasant |
| 35:02 | Cloud |
| 35:02 | Dragonhawk Rider |
| 35:56 | Mortar Team |
| 35:56 | Mortar Team |
| 36:31 | Dragonhawk Rider |
| 36:36 | Mortar Team |
| 37:09 | Siege Engine |
| 37:11 | Mithril Forged Swords |
| 37:19 | Scout Tower |
| 37:21 | Scout Tower |
| 37:23 | Scout Tower |
| 37:25 | Scout Tower |
| 37:27 | Peasant |
| 37:52 | Orb of Fire |
| 37:52 | Ivory Tower |
| 37:59 | Scout Tower |
| 38:02 | Guard Tower |
| 38:13 | Siege Engine |
| 38:28 | Guard Tower |
| 38:39 | Ivory Tower |
| 38:39 | Ivory Tower |
| 38:39 | Ivory Tower |
| 40:39 | Holy Light |
| 41:01 | Guard Tower |
| 41:34 | Dragonhawk Rider |
| 41:38 | Mortar Team |
| 41:38 | Siege Engine |
| 42:13 | Mortar Team |
| 44:00 | Mortar Team |
| 44:01 | Steel Plating |
| 46:24 | Brilliance Aura |
| 46:56 | Mass Teleport |
| Right click | 1573 |
| Select | 1123 |
| Build/train/purchase | 179 |
| Chat | 112 |
| Use ability | 41 |
| Misc. action | 13 |
| Item give/drop | 8 |
| Minimap ping | 5 |
| Remove unit | 2 |
177 units @ 15.7k
/ 2.1k
267 buildings @ 19.6k
/ 10.1k
DudeWhy
(236)
(47:11) : 

| Peasant | 30 | 2250 | / | 0 |
| Mortar Team | 5 | 900 | / | 350 |
| Flying Machine | 20 | 2000 | / | 600 |
| total: | 55 | 5150g | / | 950w |
| Scout Tower | 28 | 840 | / | 560 |
| Arcane Tower | 2 | 140 | / | 100 |
| Guard Tower | 5 | 350 | / | 250 |
| Altar of Kings | 2 | 360 | / | 100 |
| Farm | 16 | 1280 | / | 320 |
| Lumber Mill | 1 | 120 | / | 0 |
| Town Hall | 1 | 385 | / | 205 |
| Blacksmith | 1 | 140 | / | 60 |
| Workshop | 3 | 420 | / | 420 |
| Keep | 1 | 320 | / | 210 |
| Castle | 1 | 360 | / | 210 |
| total: | 52 | 3545g | / | 1665w |
| 0:04 | Peasant |
| 0:07 | Altar of Kings |
| 0:09 | Peasant |
| 0:15 | Peasant |
| 0:28 | Peasant |
| 0:36 | Farm |
| 0:37 | Peasant |
| 0:57 | Peasant |
| 1:06 | Scout Tower |
| 1:16 | Farm |
| 1:19 | Peasant |
| 1:32 | Peasant |
| 1:43 | Peasant |
| 1:45 | Arcane Tower |
| 1:58 | Peasant |
| 2:05 | Farm |
| 2:08 | Farm |
| 2:11 | Peasant |
| 2:15 | Storm Bolt |
| 2:42 | Peasant |
| 2:45 | Lumber Mill |
| 2:47 | Peasant |
| 3:46 | Town Hall |
| 3:57 | Scout Tower |
| 4:01 | Scout Tower |
| 4:02 | Scout Tower |
| 4:14 | Scout Tower |
| 4:17 | Scout Tower |
| 4:22 | Scout Tower |
| 4:44 | Peasant |
| 4:45 | Peasant |
| 4:46 | Peasant |
| 5:15 | Scout Tower |
| 5:16 | Scout Tower |
| 5:18 | Guard Tower |
| 5:37 | Peasant |
| 5:37 | Peasant |
| 5:39 | Improved Masonry |
| 5:41 | Keep |
| 5:44 | Peasant |
| 5:44 | Peasant |
| 5:51 | Guard Tower |
| 5:53 | Scout Tower |
| 5:54 | Scout Tower |
| 5:55 | Scout Tower |
| 6:33 | Guard Tower |
| 6:42 | Bash |
| 7:32 | Blacksmith |
| 8:02 | Castle |
| 8:08 | Improved Lumber Harvesting |
| 8:08 | Advanced Masonry |
| 8:29 | Scout Tower |
| 8:30 | Scout Tower |
| 8:34 | Scout Tower |
| 8:35 | Scout Tower |
| 8:36 | Scout Tower |
| 8:36 | Scout Tower |
| 8:44 | Workshop |
| 8:45 | Workshop |
| 8:46 | Workshop |
| 8:48 | Black Gunpowder |
| 8:48 | Iron Plating |
| 9:35 | Guard Tower |
| 9:38 | Scout Tower |
| 9:38 | Scout Tower |
| 9:50 | Flak Cannons |
| 9:51 | Flare |
| 9:53 | Farm |
| 9:53 | Farm |
| 10:26 | Bash |
| 10:36 | Flying Machine Bombs |
| 10:37 | Fragmentation Shards |
| 10:40 | Farm |
| 11:33 | Mortar Team |
| 11:35 | Farm |
| 11:36 | Farm |
| 11:38 | Farm |
| 11:39 | Farm |
| 11:40 | Refined Gunpowder |
| 11:40 | Steel Plating |
| 11:52 | Holy Light |
| 12:06 | Advanced Lumber Harvesting |
| 12:06 | Imbued Masonry |
| 12:19 | Peasant |
| 12:19 | Peasant |
| 12:22 | Studded Leather Armor |
| 12:37 | Flying Machine |
| 12:38 | Flying Machine |
| 12:38 | Flying Machine |
| 12:38 | Flying Machine |
| 12:38 | Flying Machine |
| 12:38 | Flying Machine |
| 12:38 | Flying Machine |
| 12:45 | Flying Machine |
| 13:13 | Guard Tower |
| 14:01 | Flying Machine |
| 14:01 | Flying Machine |
| 14:01 | Flying Machine |
| 14:02 | Flying Machine |
| 14:25 | Flying Machine |
| 14:25 | Flying Machine |
| 14:25 | Flying Machine |
| 14:28 | Farm |
| 18:25 | Flying Machine |
| 18:26 | Flying Machine |
| 18:28 | Imbued Gunpowder |
| 18:28 | Mithril Plating |
| 20:48 | Divine Shield |
| 21:04 | Reinforced Leather Armor |
| 26:56 | Mortar Team |
| 26:56 | Mortar Team |
| 32:50 | Peasant |
| 32:50 | Peasant |
| 32:50 | Peasant |
| 32:50 | Peasant |
| 32:51 | Peasant |
| 32:51 | Peasant |
| 32:51 | Peasant |
| 32:51 | Peasant |
| 34:42 | Mortar Team |
| 34:42 | Mortar Team |
| 37:30 | Farm |
| 37:30 | Farm |
| 37:31 | Farm |
| 37:32 | Farm |
| 41:34 | Flying Machine |
| 41:39 | Avatar |
| 41:41 | Divine Shield |
| 41:42 | Holy Light |
| 41:43 | Holy Light |
| 42:10 | Flying Machine |
| 42:10 | Flying Machine |
| 43:20 | Scout Tower |
| 43:22 | Scout Tower |
| 43:24 | Scout Tower |
| 43:24 | Scout Tower |
| 43:25 | Scout Tower |
| 43:26 | Scout Tower |
| 43:26 | Scout Tower |
| 43:27 | Scout Tower |
| 43:59 | Arcane Tower |
| 47:09 | Altar of Kings |
| Right click | 2293 |
| Select group | 1859 |
| Select | 416 |
| Build/train/purchase | 116 |
| Use ability | 111 |
| Misc. action | 59 |
| Minimap ping | 34 |
| Assign group | 33 |
| Resource trade | 33 |
| Esc | 8 |


| Peasant | 29 | 2175 | / | 0 |
| Mortar Team | 6 | 1080 | / | 420 |
| Flying Machine | 21 | 2100 | / | 630 |
| total: | 56 | 5355g | / | 1050w |
| Scout Tower | 78 | 2340 | / | 1560 |
| Arcane Tower | 1 | 70 | / | 50 |
| Guard Tower | 23 | 1610 | / | 1150 |
| Altar of Kings | 4 | 720 | / | 200 |
| Farm | 14 | 1120 | / | 280 |
| Lumber Mill | 2 | 240 | / | 0 |
| Town Hall | 2 | 770 | / | 410 |
| Blacksmith | 1 | 140 | / | 60 |
| Workshop | 5 | 700 | / | 700 |
| Keep | 2 | 640 | / | 420 |
| Castle | 1 | 360 | / | 210 |
| total: | 106 | 6030g | / | 3210w |
| 0:06 | Altar of Kings |
| 0:07 | Peasant |
| 0:07 | Peasant |
| 0:07 | Peasant |
| 0:07 | Peasant |
| 0:27 | Farm |
| 0:27 | Farm |
| 0:28 | Farm |
| 0:35 | Peasant |
| 0:50 | Scout Tower |
| 1:10 | Farm |
| 1:24 | Peasant |
| 1:25 | Peasant |
| 1:32 | Lumber Mill |
| 1:43 | Arcane Tower |
| 1:44 | Peasant |
| 2:03 | Peasant |
| 2:13 | Storm Bolt |
| 2:52 | Peasant |
| 2:52 | Peasant |
| 2:54 | Peasant |
| 2:55 | Improved Masonry |
| 3:38 | Keep |
| 4:22 | Scout Tower |
| 4:22 | Scout Tower |
| 4:23 | Scout Tower |
| 4:25 | Scout Tower |
| 4:26 | Scout Tower |
| 4:27 | Scout Tower |
| 4:29 | Scout Tower |
| 4:29 | Scout Tower |
| 4:52 | Guard Tower |
| 5:28 | Guard Tower |
| 5:50 | Scout Tower |
| 5:51 | Scout Tower |
| 5:51 | Scout Tower |
| 6:23 | Guard Tower |
| 6:27 | Guard Tower |
| 6:51 | Improved Lumber Harvesting |
| 6:52 | Advanced Masonry |
| 7:19 | Scout Tower |
| 7:19 | Scout Tower |
| 7:20 | Scout Tower |
| 7:21 | Scout Tower |
| 7:21 | Scout Tower |
| 7:22 | Scout Tower |
| 7:23 | Scout Tower |
| 7:23 | Scout Tower |
| 7:51 | Holy Light |
| 8:13 | Scout Tower |
| 8:13 | Scout Tower |
| 8:14 | Scout Tower |
| 8:15 | Scout Tower |
| 8:15 | Scout Tower |
| 8:16 | Scout Tower |
| 8:16 | Scout Tower |
| 8:17 | Scout Tower |
| 8:46 | Guard Tower |
| 8:52 | Guard Tower |
| 9:06 | Town Hall |
| 9:11 | Peasant |
| 9:11 | Peasant |
| 9:11 | Peasant |
| 9:12 | Peasant |
| 9:21 | Scout Tower |
| 9:22 | Scout Tower |
| 9:27 | Scout Tower |
| 9:28 | Scout Tower |
| 9:34 | Scout Tower |
| 9:34 | Scout Tower |
| 9:45 | Guard Tower |
| 9:56 | Guard Tower |
| 10:22 | Blacksmith |
| 10:29 | Lumber Mill |
| 10:32 | Guard Tower |
| 10:33 | Guard Tower |
| 10:43 | Farm |
| 10:43 | Farm |
| 10:44 | Farm |
| 10:46 | Farm |
| 10:46 | Farm |
| 10:47 | Farm |
| 11:21 | Peasant |
| 11:21 | Peasant |
| 11:42 | Peasant |
| 11:44 | Keep |
| 12:15 | Altar of Kings |
| 12:22 | Peasant |
| 12:22 | Peasant |
| 12:22 | Peasant |
| 12:32 | Iron Forged Swords |
| 12:34 | Black Gunpowder |
| 13:19 | Workshop |
| 13:21 | Workshop |
| 13:30 | Workshop |
| 13:48 | Workshop |
| 13:57 | Workshop |
| 14:07 | Castle |
| 14:25 | Farm |
| 14:27 | Farm |
| 14:29 | Farm |
| 14:33 | Refined Gunpowder |
| 14:45 | Flak Cannons |
| 14:50 | Flare |
| 15:11 | Studded Leather Armor |
| 15:19 | Mortar Team |
| 16:04 | Scout Tower |
| 16:04 | Scout Tower |
| 16:19 | Iron Plating |
| 16:38 | Farm |
| 16:57 | Guard Tower |
| 16:58 | Guard Tower |
| 17:03 | Scout Tower |
| 17:04 | Scout Tower |
| 17:06 | Scout Tower |
| 17:11 | Scout Tower |
| 17:13 | Scout Tower |
| 17:14 | Scout Tower |
| 17:34 | Flying Machine |
| 17:34 | Flying Machine |
| 17:35 | Flying Machine |
| 17:35 | Flying Machine |
| 17:35 | Flying Machine |
| 17:35 | Flying Machine |
| 17:35 | Flying Machine |
| 18:06 | Imbued Gunpowder |
| 18:06 | Reinforced Leather Armor |
| 18:06 | Steel Plating |
| 18:14 | Scout Tower |
| 18:15 | Scout Tower |
| 18:28 | Flying Machine Bombs |
| 19:11 | Guard Tower |
| 19:12 | Guard Tower |
| 19:14 | Guard Tower |
| 19:35 | Guard Tower |
| 19:36 | Flying Machine |
| 19:37 | Flying Machine |
| 19:37 | Flying Machine |
| 19:37 | Flying Machine |
| 19:44 | Advanced Lumber Harvesting |
| 19:44 | Imbued Masonry |
| 19:51 | Guard Tower |
| 21:03 | Flying Machine |
| 24:38 | Peasant |
| 24:38 | Peasant |
| 24:38 | Peasant |
| 25:07 | Scout Tower |
| 25:08 | Scout Tower |
| 25:09 | Scout Tower |
| 25:10 | Scout Tower |
| 25:11 | Scout Tower |
| 25:12 | Scout Tower |
| 25:15 | Scout Tower |
| 25:16 | Scout Tower |
| 25:16 | Scout Tower |
| 25:17 | Scout Tower |
| 25:18 | Scout Tower |
| 25:45 | Mortar Team |
| 26:00 | Peasant |
| 26:00 | Peasant |
| 26:00 | Peasant |
| 26:00 | Peasant |
| 26:08 | Guard Tower |
| 26:10 | Scout Tower |
| 26:20 | Altar of Kings |
| 26:26 | Altar of Kings |
| 26:43 | Scout Tower |
| 26:44 | Scout Tower |
| 26:47 | Scout Tower |
| 26:48 | Scout Tower |
| 26:50 | Scout Tower |
| 26:51 | Scout Tower |
| 26:52 | Scout Tower |
| 26:54 | Mithril Plating |
| 26:54 | Dragonhide Armor |
| 28:24 | Guard Tower |
| 28:41 | Mortar Team |
| 28:42 | Mortar Team |
| 28:55 | Guard Tower |
| 29:04 | Mortar Team |
| 29:04 | Mortar Team |
| 30:10 | Flying Machine |
| 30:10 | Flying Machine |
| 30:10 | Flying Machine |
| 30:10 | Flying Machine |
| 30:11 | Flying Machine |
| 30:38 | Flying Machine |
| 30:38 | Flying Machine |
| 31:01 | Flying Machine |
| 31:01 | Flying Machine |
| 36:54 | Scout Tower |
| 36:54 | Scout Tower |
| 36:55 | Scout Tower |
| 36:56 | Scout Tower |
| 36:57 | Scout Tower |
| 36:57 | Scout Tower |
| 36:59 | Scout Tower |
| 37:00 | Scout Tower |
| 37:00 | Scout Tower |
| 37:01 | Scout Tower |
| 37:01 | Scout Tower |
| 37:02 | Scout Tower |
| 37:03 | Scout Tower |
| 37:04 | Scout Tower |
| 37:04 | Scout Tower |
| 37:35 | Guard Tower |
| 37:59 | Guard Tower |
| 38:29 | Town Hall |
| 38:39 | Guard Tower |
| Right click | 1374 |
| Select group | 996 |
| Select | 341 |
| Build/train/purchase | 112 |
| Assign group | 22 |
| Minimap ping | 19 |
| Remove unit | 9 |
| Use ability | 4 |
| Misc. action | 2 |

| Healing Salve | 2 | 200 |
| Lesser Clarity Potion | 4 | 280 |
| Scroll of Speed | 1 | 50 |
| Orb of Lightning | 1 | 375 |
| Tiny Great Hall | 1 | 600 |
| Boots of Speed | 2 | 500 |
| Staff of Teleportation | 1 | 150 |
| Periapt of Vitality | 1 | 325 |
| Orb of Fire | 1 | 325 |
| Staff of Sanctuary | 1 | 250 |
| Helm of Valor | 1 | 500 |
| Khadgar's Pipe of Insight | 1 | 500 |
| total: | 17 | 4055g |
| Peon | 10 | 750 | / | 0 |
| total: | 10 | 750g | / | 0w |
| Watch Tower | 35 | 3850 | / | 2800 |
| Altar of Storms | 3 | 540 | / | 150 |
| Orc Burrow | 4 | 640 | / | 160 |
| Voodoo Lounge | 1 | 130 | / | 30 |
| War Mill | 2 | 410 | / | 0 |
| Stronghold | 1 | 315 | / | 190 |
| Fortress | 1 | 325 | / | 190 |
| total: | 45 | 5570g | / | 3140w |
| 0:04 | Peon |
| 0:04 | Peon |
| 0:09 | Altar of Storms |
| 0:13 | Altar of Storms |
| 0:18 | Orc Burrow |
| 0:20 | Peon |
| 0:39 | Peon |
| 0:54 | Voodoo Lounge |
| 1:13 | Peon |
| 1:27 | War Mill |
| 1:39 | Peon |
| 1:39 | Peon |
| 1:52 | Peon |
| 1:52 | Peon |
| 2:16 | Healing Salve |
| 2:17 | Lesser Clarity Potion |
| 2:17 | Scroll of Speed |
| 2:24 | Wind Walk |
| 2:30 | Peon |
| 3:58 | Stronghold |
| 4:09 | Spiked Barricades |
| 4:14 | Watch Tower |
| 4:17 | Watch Tower |
| 4:19 | Watch Tower |
| 4:26 | Watch Tower |
| 5:33 | Critical Strike |
| 6:01 | Watch Tower |
| 6:27 | Fortress |
| 6:29 | Reinforced Defenses |
| 6:41 | Lesser Clarity Potion |
| 6:46 | Lesser Clarity Potion |
| 6:47 | Healing Salve |
| 9:49 | Improved Spiked Barricades |
| 10:07 | Watch Tower |
| 10:08 | Watch Tower |
| 10:11 | Orb of Lightning |
| 10:12 | Tiny Great Hall |
| 11:30 | Wind Walk |
| 11:37 | Watch Tower |
| 11:37 | Watch Tower |
| 12:25 | Helm of Valor |
| 13:01 | Boots of Speed |
| 13:04 | Staff of Teleportation |
| 13:16 | Watch Tower |
| 13:19 | Watch Tower |
| 15:25 | Watch Tower |
| 15:26 | Watch Tower |
| 16:18 | Boots of Speed |
| 16:28 | Storm Bolt |
| 17:09 | Critical Strike |
| 17:34 | Storm Bolt |
| 18:05 | Watch Tower |
| 18:06 | Watch Tower |
| 18:31 | Orb of Fire |
| 18:37 | Staff of Sanctuary |
| 20:12 | War Mill |
| 22:38 | Holy Light |
| 22:45 | Holy Light |
| 23:02 | Watch Tower |
| 23:02 | Watch Tower |
| 23:03 | Watch Tower |
| 23:07 | Orc Burrow |
| 23:10 | Orc Burrow |
| 23:12 | Orc Burrow |
| 23:17 | Altar of Storms |
| 23:44 | Lesser Clarity Potion |
| 25:00 | Watch Tower |
| 25:01 | Watch Tower |
| 25:02 | Watch Tower |
| 25:04 | Watch Tower |
| 25:05 | Watch Tower |
| 28:45 | Divine Shield |
| 29:43 | Watch Tower |
| 31:05 | Khadgar's Pipe of Insight |
| 32:50 | Critical Strike |
| 34:48 | Divine Shield |
| 35:20 | Storm Bolt |
| 35:22 | Storm Bolt |
| 36:02 | Storm Bolt |
| 36:18 | Holy Light |
| 38:20 | Periapt of Vitality |
| 41:28 | Bladestorm |
| 42:02 | Watch Tower |
| 42:04 | Watch Tower |
| 42:06 | Watch Tower |
| 42:23 | Watch Tower |
| 42:26 | Watch Tower |
| 42:31 | Watch Tower |
| 42:33 | Watch Tower |
| 42:35 | Watch Tower |
| 42:38 | Watch Tower |
| 43:19 | Watch Tower |
| 43:21 | Watch Tower |
| Right click | 3074 |
| Select group | 578 |
| Select | 465 |
| Build/train/purchase | 118 |
| Use ability | 63 |
| Minimap ping | 33 |
| Resource trade | 21 |
| Chat | 18 |
| Misc. action | 15 |
| Assign group | 10 |
| Item give/drop | 10 |
| Esc | 2 |


| Orb of Fire | 1 | 325 |
| Staff of Sanctuary | 1 | 250 |
| total: | 2 | 575g |
| Peasant | 54 | 4050 | / | 0 |
| Dragonhawk Rider | 2 | 400 | / | 60 |
| total: | 56 | 4450g | / | 60w |
| Scout Tower | 38 | 1140 | / | 760 |
| Arcane Tower | 4 | 280 | / | 200 |
| Guard Tower | 17 | 1190 | / | 850 |
| Altar of Kings | 2 | 360 | / | 100 |
| Farm | 13 | 1040 | / | 260 |
| Lumber Mill | 2 | 240 | / | 0 |
| Arcane Vault | 3 | 390 | / | 90 |
| Town Hall | 2 | 770 | / | 410 |
| Blacksmith | 1 | 140 | / | 60 |
| Gryphon Aviary | 3 | 420 | / | 450 |
| Keep | 1 | 320 | / | 210 |
| Castle | 1 | 360 | / | 210 |
| total: | 64 | 4500g | / | 2130w |
| 0:03 | Peasant |
| 0:10 | Altar of Kings |
| 0:16 | Farm |
| 0:19 | Farm |
| 0:21 | Peasant |
| 0:30 | Peasant |
| 0:43 | Lumber Mill |
| 0:50 | Peasant |
| 1:12 | Peasant |
| 1:13 | Peasant |
| 1:26 | Peasant |
| 1:54 | Peasant |
| 1:59 | Improved Masonry |
| 2:11 | Peasant |
| 2:14 | Storm Bolt |
| 2:31 | Peasant |
| 2:31 | Peasant |
| 2:32 | Peasant |
| 2:34 | Farm |
| 2:38 | Scout Tower |
| 3:14 | Arcane Tower |
| 3:15 | Peasant |
| 3:29 | Peasant |
| 3:31 | Keep |
| 3:54 | Farm |
| 4:12 | Scout Tower |
| 4:14 | Scout Tower |
| 4:14 | Scout Tower |
| 4:19 | Scout Tower |
| 4:24 | Scout Tower |
| 4:53 | Guard Tower |
| 4:56 | Scout Tower |
| 4:56 | Scout Tower |
| 4:57 | Scout Tower |
| 4:59 | Scout Tower |
| 5:19 | Scout Tower |
| 5:31 | Guard Tower |
| 5:41 | Scout Tower |
| 5:42 | Scout Tower |
| 5:42 | Scout Tower |
| 5:43 | Scout Tower |
| 5:54 | Improved Lumber Harvesting |
| 5:55 | Advanced Masonry |
| 5:56 | Peasant |
| 5:56 | Peasant |
| 5:59 | Farm |
| 6:06 | Farm |
| 6:21 | Arcane Vault |
| 6:25 | Guard Tower |
| 6:34 | Peasant |
| 6:34 | Peasant |
| 6:46 | Farm |
| 6:53 | Holy Light |
| 7:03 | Peasant |
| 7:12 | Bash |
| 7:22 | Arcane Tower |
| 7:23 | Guard Tower |
| 7:44 | Castle |
| 8:02 | Scout Tower |
| 8:03 | Scout Tower |
| 8:04 | Scout Tower |
| 8:09 | Scout Tower |
| 8:11 | Scout Tower |
| 8:11 | Scout Tower |
| 8:49 | Scout Tower |
| 8:50 | Scout Tower |
| 8:51 | Guard Tower |
| 8:55 | Guard Tower |
| 9:00 | Scout Tower |
| 9:02 | Scout Tower |
| 9:22 | Guard Tower |
| 9:37 | Arcane Vault |
| 9:45 | Guard Tower |
| 10:17 | Orb of Fire |
| 10:22 | Staff of Sanctuary |
| 10:33 | Advanced Lumber Harvesting |
| 10:35 | Imbued Masonry |
| 10:54 | Scout Tower |
| 10:54 | Scout Tower |
| 10:55 | Scout Tower |
| 10:56 | Scout Tower |
| 10:58 | Scout Tower |
| 10:59 | Scout Tower |
| 11:01 | Scout Tower |
| 11:02 | Scout Tower |
| 11:08 | Farm |
| 11:09 | Farm |
| 11:31 | Arcane Vault |
| 11:46 | Guard Tower |
| 11:50 | Scout Tower |
| 11:54 | Scout Tower |
| 11:55 | Scout Tower |
| 12:35 | Town Hall |
| 13:06 | Gryphon Aviary |
| 13:08 | Gryphon Aviary |
| 13:11 | Gryphon Aviary |
| 14:24 | Cloud |
| 14:29 | Blacksmith |
| 14:31 | Farm |
| 14:32 | Farm |
| 14:36 | Peasant |
| 14:36 | Peasant |
| 14:36 | Peasant |
| 14:36 | Peasant |
| 15:01 | Divine Shield |
| 15:19 | Peasant |
| 15:19 | Peasant |
| 15:19 | Peasant |
| 15:19 | Peasant |
| 15:19 | Peasant |
| 15:24 | Peasant |
| 15:24 | Peasant |
| 15:24 | Peasant |
| 15:24 | Peasant |
| 15:31 | Lumber Mill |
| 15:52 | Peasant |
| 16:42 | Guard Tower |
| 16:50 | Peasant |
| 16:50 | Peasant |
| 16:50 | Peasant |
| 17:12 | Peasant |
| 17:13 | Peasant |
| 17:17 | Arcane Tower |
| 17:20 | Scout Tower |
| 17:28 | Scout Tower |
| 17:54 | Dragonhawk Rider |
| 17:55 | Dragonhawk Rider |
| 18:16 | Guard Tower |
| 18:23 | Peasant |
| 18:25 | Peasant |
| 18:38 | Peasant |
| 19:21 | Peasant |
| 19:21 | Peasant |
| 19:38 | Storm Bolt |
| 20:44 | Peasant |
| 20:44 | Peasant |
| 20:44 | Peasant |
| 20:44 | Peasant |
| 20:45 | Peasant |
| 20:45 | Peasant |
| 20:48 | Peasant |
| 20:48 | Peasant |
| 20:48 | Peasant |
| 20:48 | Peasant |
| 20:48 | Peasant |
| 22:21 | Divine Shield |
| 22:31 | Bash |
| 22:44 | Bash |
| 24:04 | Bash |
| 24:55 | Altar of Kings |
| 24:57 | Farm |
| 24:59 | Farm |
| 25:35 | Holy Light |
| 26:49 | Town Hall |
| Right click | 898 |
| Select | 603 |
| Select group | 440 |
| Build/train/purchase | 122 |
| Use ability | 42 |
| Chat | 40 |
| Misc. action | 26 |
| Minimap ping | 20 |
| Assign group | 8 |
| Esc | 5 |
| Item give/drop | 2 |
⇛